 Dungeon Crawl Stone Soup version 0.29-a0-495-g17b79114eb (console) character file.

Game seed: 2411202177250865535

14381 om the Basher (level 11, -15/178 HPs)
             Began as a Troll Berserker on May 27, 2022.
             Was an Elder of Trog.
             Demolished by an orc knight
             ... wielding a +0 great mace
              (29 damage)
             ... on level 11 of the Dungeon.
             The game lasted 00:25:40 (12010 turns).

om the Basher (Troll Berserker)                    Turns: 12010, Time: 00:25:40

Health: -15/178    AC: 11    Str: 27    XL:     11   Next: 88%
Magic:  10/10      EV: 12    Int:  5    God:    Trog [****..]
Gold:   582        SH:  0    Dex: 11    Spells: 10/10 levels left

rFire   . . .      SeeInvis .   k - +1 demon whip (venom)
rCold   . . .      Faith    .   c - orb {light}
rNeg    . . .      Spirit   .   B - +0 troll leather armour
rPois   .          Reflect  .   D - +1 hat
rElec   .          Harm     .   u - +2 cloak
rCorr   .          Rampage  .   (gloves unavailable)
Will    .....                   (boots unavailable)
Stlth   ..........              (no amulet)
HPRegen 1.99/turn               (no ring)
MPRegen 0.12/turn               (no ring)

@: berserking, lethally poisoned (-15 -> -15), glowing, studying Fighting, very
quick
A: large, unfitting armour, claws 3, regeneration 1, shaggy fur 1, tough skin 1
a: Renounce Religion, Berserk, Trog's Hand, Brothers in Arms


You were on level 11 of the Dungeon.
You worshipped Trog.
Trog was greatly pleased with you.
You visited 2 branches of the dungeon, and saw 12 of its levels.
You also visited: Sewer.

You collected 582 gold pieces.

Inventory:

Hand Weapons
 i - a +0 giant club
 k - a +1 demon whip of venom (weapon)
 p - a +0 flail
 F - a +2 short sword of freezing
 G - a +2 flail of venom
Missiles
 x - a throwing net (quivered)
Armour
 b - a +1 animal skin
 c - an orb of light (worn)
 r - an orb of mayhem
 u - a +2 cloak (worn)
 v - the +1 robe of the Fifty Youths {rCorr}
   (You found it in a sewer)

   rCorr:     It protects you from acid and corrosion.
 B - a +0 troll leather armour (worn)
 D - a +1 hat (worn)
 H - a +0 kite shield
 L - +0 acid dragon scales
Wands
 a - a wand of digging (3)
 q - a wand of acid (6)
 s - a wand of polymorph (21)
 t - a wand of iceblast (16)
 A - a wand of mindburst (15)
Scrolls
 e - 5 scrolls of teleportation
 l - a scroll of blinking
 n - 2 scrolls of fog
 o - 2 scrolls of enchant armour
 y - 2 scrolls of fear
 z - 3 scrolls of magic mapping
 E - a scroll of amnesia
 J - a scroll of enchant weapon
 K - a scroll of poison
Potions
 d - 5 potions of curing
 f - 2 potions of flight
 g - a potion of berserk rage
 h - 3 potions of magic
 j - 3 potions of haste
 m - 2 potions of brilliance
 w - 5 potions of might
 C - a potion of attraction
 I - 4 potions of heal wounds


   Skills:
 * Level 10.5 Fighting
 - Level 12.0 Maces & Flails
 - Level 5.0 Armour
 - Level 8.3 Dodging
 * Level 3.7 Shields


You had 10 spell levels left.
You didn't know any spells.
Your spell library was empty.

Dungeon Overview and Level Annotations

Branches:
Dungeon (11/15)            Temple (0/1) D:5            Lair (1/6) D:8
  Sewer (visited)
    Orc: D:9-12

Altars:
Okawaru
Ru
Trog
Uskayaw
Wu Jian
Xom

Shops:
D:4 :[   D:7 =   D:9 (

Annotations:
D:4 1 runed translucent door, siradein's ghost, amateur OgBe
Lair:1 1 runed translucent door


Innate Abilities, Weirdness & Mutations

You are too large for most types of armour.
You have claws for hands.
Your natural rate of healing is unusually fast.
You are covered in fur. (AC +1)
You have tough skin. (AC +1)


Message History

The boulder beetle leaps!
You are too injured to fight recklessly!
You hit the orc knight.
The orc knight is poisoned.
The orc knight is lightly wounded.
You feel sick. The orc knight barely misses you.
You are too injured to fight recklessly!
You are too injured to fight recklessly!
You hit the orc knight.
The orc knight looks as sick as possible!
The orc knight is lightly wounded.
You feel sick. The wyvern barely misses you.
You are too injured to fight recklessly!
You hit the orc knight but do no damage.
The orc knight is lightly wounded.
You thrash the orc knight!!
The orc knight looks as sick as possible!
The orc knight is heavily wounded.
You feel sick.
The wyvern bites you but does no damage.
The orc knight hits you with a +0 great mace!
* * * LOW HITPOINT WARNING * * *
You completely miss the orc knight.
The orc knight is heavily wounded.
You thrash the orc knight!!
The orc knight is almost dead.
The wyvern barely misses you.
You whack the wyvern!
You feel the power of Trog in you as your rage grows.
You kill the wyvern!
Trog accepts your kill.
You feel sick.
The centaur warrior wields a +0 shortbow.
The centaur warrior shoots an arrow.
The arrow hits you!
* * * LOW HITPOINT WARNING * * *
A six-headed hydra comes into view.
The six-headed hydra roars!
You barely miss the orc knight.
The orc knight is almost dead.
The orc knight hits you with a +0 great mace!!
You die...

## D. #$ #.####.
.....Wo###
.B...c†@.####
.....9##....#
......###...#
.......###..#
.####...##..#
######..###.#
#...[##..##.#
....##..##.# ..
##....##..##.###
#..##[.##....##.c##...#
#.###).##..##..###...#


You could see a boulder beetle (very poisoned), a six-headed hydra, an orc
knight (extremely poisoned), a centaur warrior, a gargoyle and a shadow
(invisible).

Vanquished Creatures
  Gastronok (Lair:1)
  A hydra (Lair:1)
  Amaemon (D:11)
  3 black mambas (Lair:1)
  A cane toad (Lair:1)
  An orange demon (D:11)
  An unseen horror (D:10)
  A komodo dragon (Lair:1)
  Psyche (D:10)
  2 trolls
  A hornet (D:11)
  2 vampires
  A wyvern (D:11)
  13 yaks
  A wraith (D:10)
  A basilisk (Lair:1)
  Grum (D:8)
  A steam dragon (D:9)
  2 vampire mosquitoes
  Menkaure (D:4)
  2 acid dragons
  4 water moccasins
  6 orc warriors
  An ice beast (D:5)
  A sky beast (D:7)
  2 black bears
  An ogre (D:5)
  13 wolves
  3 centaurs (D:9)
  2 phantoms
  5 kobold brigands
  6 bullfrogs
  A gnoll sergeant (D:8)
  A necrophage (D:5)
  5 wights (D:6)
  6 killer bees
  5 electric eels
  2 howler monkeys (D:9)
  A jelly (D:7)
  Crazy Yiuf (D:4)
  8 orc priests
  6 hounds
  Ijyb (D:4)
  3 iguanas
  10 orc wizards
  7 gnolls (D:8)
  4 adders
  A river rat (D:5)
  A shadow imp (D:7)
  A white imp (D:6)
  An ufetubus (D:6)
  2 worms
  2 dart slugs
  27 orcs
  11 ball pythons
  8 endoplasms
  13 giant cockroaches
  10 goblins
  6 hobgoblins
  8 quokkas
  4 bats
  11 frilled lizards
  29 kobolds
  5 rats
284 creatures vanquished.

Vanquished Creatures (collateral kills)
  Eustachio (D:4)
  6 kobolds (D:8)
7 creatures vanquished.

Vanquished Creatures (others)
  A shadow (D:11)
  A fungus (Lair:1)
  6 plants (Lair:1)
  9 toadstools (Lair:1)
17 creatures vanquished.

Grand Total: 308 creatures vanquished

Notes
Turn   | Place    | Note
-------+----------+-------------------------------------------
     0 | D:1      | om the Troll Berserker began the quest for the Orb.
     0 | D:1      | Reached XP level 1. HP: 22/22 MP: 0/0
   138 | D:1      | Reached XP level 2. HP: 25/29 MP: 1/1
   180 | D:1      | Reached skill level 3 in Maces & Flails
   361 | D:1      | Found a faded altar of an unknown god.
   618 | D:2      | Reached ** piety under Trog
   805 | D:2      | Reached XP level 3. HP: 36/36 MP: 2/2
  1279 | D:3      | Noticed a phantom
  1287 | D:3      | Killed a phantom
  1288 | D:3      | Reached XP level 4. HP: 44/44 MP: 3/3
  1567 | D:3      | Found a hide-covered altar of Uskayaw.
  2070 | D:4      | Identified a scroll of acquirement
  2070 | D:4      | Acquired a manual of Fighting
  2087 | D:4      | Noticed Eustachio
  2113 | D:4      | Killed Eustachio
  2114 | D:4      | Reached skill level 4 in Maces & Flails
  2114 | D:4      | Reached XP level 5. HP: 18/54 MP: 4/4
  2114 | D:4      | Reached XP level 6. HP: 21/62 MP: 5/5
  2180 | D:4      | Found a runed translucent door.
  2186 | D:4      | Noticed siradein's ghost (amateur OgBe)
  2404 | D:4      | Found Xugash's Antique Armour Boutique.
  2672 | D:4      | Noticed Ijyb
  2685 | D:4      | Killed Ijyb
  2740 | D:4      | Found Dar Joh's Book Shop.
  2951 | D:4      | Noticed Menkaure
  2959 | D:4      | Killed Menkaure
  2997 | D:4      | Reached XP level 7. HP: 68/71 MP: 6/6
  3058 | D:4      | Found a runed translucent door.
  3059 | D:4      | Noticed Crazy Yiuf
  3338 | D:4      | Killed Crazy Yiuf
  3450 | D:5      | Entered Level 5 of the Dungeon
  3472 | D:5      | Found a glowing drain.
  3479 | D:5      | Reached skill level 5 in Fighting
  3479 | D:5      | Reached skill level 5 in Maces & Flails
  3486 | Sewer    | Entered a sewer
  3632 | Sewer    | Reached *** piety under Trog
  3735 | Sewer    | Identified the +1 robe of the Fifty Youths {rCorr}
  4051 | D:5      | Found a sacrificial altar of Ru.
  4079 | D:5      | Reached skill level 5 in Dodging
  4220 | D:5      | Reached XP level 8. HP: 77/83 MP: 7/7
  4432 | D:5      | Found a staircase to the Ecumenical Temple.
  4884 | D:6      | Reached skill level 6 in Maces & Flails
  6049 | D:7      | Found Buris's Jewellery Boutique.
  6223 | D:7      | Reached XP level 9. HP: 73/92 MP: 8/8
  6345 | D:7      | Reached skill level 7 in Maces & Flails
  7311 | D:8      | Found an ornate altar of the Wu Jian Council.
  7325 | D:8      | Noticed Grum
  7330 | D:8      | Reached skill level 8 in Maces & Flails
  7345 | D:8      | Killed Grum
  7348 | D:8      | Reached **** piety under Trog
  7471 | D:8      | Found a bloodstained altar of Trog.
  7574 | D:8      | Reached XP level 10. HP: 89/107 MP: 9/9
  7648 | D:8      | Reached skill level 9 in Maces & Flails
  7808 | D:8      | Found a staircase to the Lair.
  8193 | D:8      | Found an iron altar of Okawaru.
  8283 | Lair:1   | Entered Level 1 of the Lair of Beasts
  8323 | Lair:1   | Reached skill level 1 in Armour
  8329 | Lair:1   | Noticed a cane toad
  8353 | Lair:1   | Killed a cane toad
  8405 | Lair:1   | Noticed a black mamba
  8415 | Lair:1   | Killed a black mamba
  8608 | Lair:1   | Noticed an eight-headed hydra
  8618 | Lair:1   | Killed an eight-headed hydra
  8626 | Lair:1   | Reached skill level 10 in Maces & Flails
  8662 | Lair:1   | Noticed a lindwurm
  8662 | Lair:1   | Noticed a lindwurm
  8683 | Lair:1   | Found a runed translucent door.
  8718 | Lair:1   | Noticed a black mamba
  8728 | Lair:1   | Killed a black mamba
  8760 | Lair:1   | Noticed a black mamba
  8768 | Lair:1   | Killed a black mamba
  8790 | Lair:1   | Noticed Gastronok
  8817 | Lair:1   | Killed Gastronok
  8818 | Lair:1   | Reached XP level 11. HP: 115/115 MP: 10/10
  8862 | Lair:1   | Reached skill level 5 in Armour
  8887 | Lair:1   | Reached skill level 11 in Maces & Flails
  9085 | Lair:1   | HP: 5/172 [basilisk (5)]
  9613 | D:9      | Reached skill level 1 in Shields
  9709 | D:9      | Found Befupli's Weapon Boutique.
  9964 | D:10     | Entered Level 10 of the Dungeon
 10355 | D:10     | Noticed Psyche
 10376 | D:10     | Killed Psyche
 10725 | D:10     | Found a shimmering altar of Xom.
 11207 | D:11     | Noticed Amaemon
 11379 | D:11     | Killed Amaemon
 11380 | D:11     | Reached skill level 10 in Fighting
 11380 | D:11     | Reached skill level 12 in Maces & Flails
 11947 | D:11     | Noticed an orc knight
 11947 | D:11     | Noticed a boulder beetle
 11960 | D:11     | Noticed a centaur warrior
 11993 | D:11     | Paralysed by a hornet for 2 turns
 12009 | D:11     | Noticed a six-headed hydra
 12010 | D:11     | Demolished by an orc knight

Illustrated notes

Levels and vault maps discovered:
D:1:      ebering_hopf_link, layout_basic,
          hellmonk_ecumenical_altar_inner_sanctum
D:2:      layout_basic, hex_intersection, minmay_tromino_v4_c
D:3:      layout_loops_corners, marbit_many_paths
D:4:      layout_basic, ebering_ghost_sewer_d, serial_shops,
          nicolae_shop_crystal, nicolae_shop_hallway_stairs, uniq_ijyb,
          uniq_crazy_yiuf_cottage, uniq_menkaure, uniq_eustachio
D:5:      layout_basic, nicolae_ru_awakened_eye,
          minmay_temple_entry_from_below_b, portal_sewer_entry_b,
          kennysheep_small_spiral
D:6:      layout_basic
D:7:      layout_basic, serial_shops, nicolae_stop_n_shop_2,
          chequers_serial_rivers_room_a
D:8:      layout_rooms, nzn_wu_jian_contemplation, okawaru_altar_gauntlet_db,
          trog_three_pillars_becter, erik_lair_island, uniq_grum
D:9:      layout_basic, serial_shops, nicolae_shop_bloodbath_and_beyond,
          serial_glass, glass_columns_b, glass_columns_b
D:10:     layout_basic, xom_teletrap_fun, nicolae_overflow_hidden_temple,
          uniq_psyche
D:11:     layout_basic, minmay_mirror_moons_of_madness, uniq_amaemon
Lair:1:   gammafunk_lair_enchanted_lake, layout_chaotic_city,
          grunt_megastairs_1, uniq_gastronok

Skill      XL: |  1  2  3  4  5  6  7  8  9 10 11 |
---------------+----------------------------------+-----
Maces & Flails | 3 4 5 6 8 10 12 | 12.0
Dodging        | 3 4 5 6 7 8 |  8.3
Fighting       | 3 4 6 8 9 10 | 10.5
Armour         | 4 5 |  5.0
Shields        | 3 |  3.7

Action                   |  1- 3 |  4- 6 |  7- 9 | 10-12 || total
-------------------------+-------+-------+-------+-------++-------
Melee: Mace              |    72 |    36 |       |       ||   108
       Flail             |       |    90 |   427 |   411 ||   928
       Demon whip        |       |       |       |    25 ||    25
Invok: Berserk           |     1 |     2 |     8 |    17 ||    28
       Trog's Hand       |       |       |     2 |     1 ||     3
       Brothers in Arms  |       |       |       |     1 ||     1
  Use: Scroll            |     8 |     3 |     7 |     5 ||    23
       Potion            |       |       |     4 |     1 ||     5
 Stab: Sleeping          |     1 |     1 |       |       ||     2
Armor: Animal skin       |    25 |    49 |    39 |       ||   113
       Robe              |       |       |   217 |     3 ||   220
       Troll leather arm |       |       |       |   260 ||   260
Dodge: Dodged            |    40 |    90 |   363 |   315 ||   808
Block: Kite shield       |       |       |       |    42 ||    42

Table legend: (Time is in decaauts)
 A = Elapsed time spent in this place.
 B = Non-inter-level travel time spent in this place.
 C = Inter-level travel time spent in this place.
 D = Time resting spent in this place.
 E = Time spent auto-exploring this place.
 F = Levels seen in this place.
 G = Mean time per level.
                   A        B        C        D        E       F      G
               +--------+--------+--------+--------+--------+-----+--------+
         Total |  12392 |  11840 |    552 |   1369 |   7650 |  13 |  953.2 |
       Dungeon |  10903 |  10382 |    521 |   1234 |   6891 |  11 |  991.2 |
          Lair |    901 |    871 |     30 |    117 |    462 |   1 |  901.0 |
         Sewer |    587 |    587 |      0 |     17 |    296 |   1 |  587.0 |
               +--------+--------+--------+--------+--------+-----+--------+

Top non-repeatable levels by time:
     D:4: 1427 daAuts
     D:8: 1401 daAuts
    D:10: 1351 daAuts
     D:7: 1339 daAuts
     D:6: 1111 daAuts
  Lair:1: 901 daAuts
     D:3: 889 daAuts
     D:5: 787 daAuts
     D:9: 717 daAuts
    D:11: 664 daAuts
     D:2: 647 daAuts
   Sewer: 587 daAuts
     D:1: 566 daAuts
